 Dungeon Crawl Stone Soup version 0.19.5 (webtiles) character file.

10942 Jynx the Arsonist (level 11, 0/54 HPs)
             Began as a Deep Elf Fire Elementalist on Mar 24, 2017.
             Was a Priest of Vehumet.
             Succumbed to a water moccasin's poison
             ... on level 2 of the Lair of Beasts.
             The game lasted 00:23:24 (11163 turns).

Jynx the Arsonist (Deep Elf Fire Elementalist)     Turns: 11163, Time: 00:23:24

Health: 0/54       AC:  9    Str:  2 (5)  XL:     11   Next: 42%
Magic:  15/28      EV: 13    Int: 23 (24) God:    Vehumet [***...]
Gold:   419        SH:  0    Dex: 14 (15) Spells: 8 memorised, 7 levels left

rFire  . . .     SeeInvis +     V - +6 dagger
rCold  + . .     Gourm    +     n - +2 robe {rC+}
rNeg   . . .     Faith    .     (no shield)
rPois  .         Spirit   .     I - +2 hat
rElec  .         Reflect  .     r - +1 cloak
rCorr  .         Harm     .     (no gloves)
MR     +....                    H - +0 pair of boots
Stlth  ++........               T - amulet of the gourmand
                                (no ring)
                                o - ring of see invisible

@: lethally poisoned (0 -> -40), repel missiles
A: no striking features
a: Renounce Religion


You were on level 2 of the Lair of Beasts.
You worshipped Vehumet.
Vehumet was most pleased with you.
You were very full.

You visited 3 branches of the dungeon, and saw 13 of its levels.
You also visited: Ossuary.

You collected 809 gold pieces.
You spent 390 gold pieces at shops.

Inventory:

Hand Weapons
 V - a +6 dagger (weapon)
Armour
 n - a +2 robe of cold resistance (worn)
 r - a +1 cloak (worn)
 H - a +0 pair of boots (worn)
 I - a +2 hat (worn)
Jewellery
 o - a ring of see invisible (left hand)
 T - an amulet of the gourmand (around neck)
Wands
 t - a wand of polymorph (14/24)
 y - a wand of iceblast (0/15)
 G - a wand of hasting (4/9)
 R - a wand of confusion (36/48)
Scrolls
 a - 5 scrolls of teleportation
 f - a scroll of fog
 w - 2 scrolls of magic mapping
 x - 3 scrolls of amnesia
 A - 2 scrolls of blinking
 B - 2 scrolls of fear
 F - 6 scrolls of remove curse
Potions
 d - 3 potions of degeneration
 e - 4 potions of invisibility {unknown}
 h - a potion of beneficial mutation {unknown}
 l - 3 potions of haste {unknown}
 s - 2 potions of resistance {unknown}
 u - 2 potions of agility {unknown}
 z - 5 potions of curing {unknown}
 E - 6 potions of lignification {unknown}
 J - 2 potions of brilliance {unknown}
 K - 4 potions of heal wounds {unknown}
 M - a potion of cure mutation {unknown}
 N - 2 potions of mutation {unknown}
 P - 2 potions of flight {unknown}
 S - a potion of magic {unknown}
Books
 b - a book of Flames

   Spells                             Type                      Level
   a - Flame Tongue                   Conjuration/Fire             1
   b - Throw Flame                    Conjuration/Fire             2
   c - Conjure Flame                  Conjuration/Fire             3
   d - Inner Flame                    Hexes/Fire                   3
   e - Sticky Flame                   Conjuration/Fire             4
   f - Fireball                       Conjuration/Fire             5
 m - a book of Minor Magic

   Spells                             Type                      Level
   a - Magic Dart                     Conjuration                  1
   b - Blink                          Translocation                2
   c - Call Imp                       Summoning                    2
   d - Repel Missiles                 Charms/Air                   2
   e - Slow                           Hexes                        2
   f - Conjure Flame                  Conjuration/Fire             3
   g - Mephitic Cloud                 Conjuration/Poison/Air       3
 W - a book of Conjurations

   Spells                             Type                      Level
   a - Magic Dart                     Conjuration                  1
   b - Searing Ray                    Conjuration                  2
   c - Dazzling Spray                 Conjuration/Hexes            3
   d - Fulminant Prism                Conjuration/Hexes            4
   e - Iskenderun's Mystic Blast      Conjuration                  4
   f - Iskenderun's Battlesphere      Conjuration/Charms           5
Comestibles
 c - 2 bread rations
 g - 7 beef jerkies
 i - 9 meat rations
 q - 4 royal jellies
 v - 34 fruits
 O - a slice of pizza


   Skills:
 - Level 2.4 Dodging
 - Level 2.4 Stealth
 + Level 11.7 Spellcasting
 + Level 9.9 Conjurations
 - Level 2.9 Translocations
 * Level 13.5 Fire Magic
 - Level 2.8 Air Magic


You had 7 spell levels left.
You knew the following spells:

 Your Spells              Type           Power        Failure   Level  Hunger
a - Flame Tongue          Conj/Fire      #####        1%          1    None
b - Conjure Flame         Conj/Fire      ######..     1%          3    None
c - Sticky Flame          Conj/Fire      ######..     1%          4    None
d - Fireball              Conj/Fire      ######....   1%          5    ####...
e - Blink                 Tloc           N/A          2%          2    None
f - Repel Missiles        Chrm/Air       ###...       4%          2    None
g - Iskenderun's Mystic   Conj           ######..     1%          4    None
h - Iskenderun's Battles  Conj/Chrm      #####...     5%          5    ####...


Dungeon Overview and Level Annotations

Branches:
Dungeon (10/15)            Temple (1/1) D:6            Lair (2/6) D:8
  Swamp: Lair:2-4    Shoals: Lair:2-4     Snake: Lair:2-4    Spider: Lair:2-4
    Orc: D:9-12

Altars:
Ashenzari
Cheibriados
Dithmenos
Elyvilon
Fedhas
Gozag
Hepliaklqana
Kikubaaqudgha
Makhleb
Nemelex Xobeh
Okawaru
Qazlal
Ru
Sif Muna
Trog
Uskayaw
Vehumet
Xom
Yredelemnul
Zin
The Shining One

Shops:
D:4 }   D:9 (?:?

Annotations:
D:6 exclusion: statue
D:10 patcoet's ghost, journeyman HEIE


Message History

Aim: a water moccasin (severely wounded)
Okay, then.
Casting: Fireball
Confirm with . or Enter, or press ? or * to list all spells.
Aiming: Sticky Flame
Press: ? - help, Shift-Dir - straight line, f - spiny frog, p - water moccasin
Aim: a spiny frog (severely wounded)
The sticky flame hits the spiny frog.
The spiny frog is almost dead.
The spiny frog is covered in liquid flames!
* * * LOW HITPOINT WARNING * * *
You feel sick.
The spiny frog burns!
The spiny frog closely misses you. The water moccasin bites you!
* * * LOW HITPOINT WARNING * * *
You are more poisoned.
The water moccasin poisons you!
It was a potion of degeneration.
There was something very wrong with that liquid.
You feel weakened.
You feel dopey.
You feel clumsy.
You die...

...............
...............
...............
...............
........H....
...........
#..F.F....
#.@S....#
##.......#
##........##
#.#.........
##........##
#P.......##
##........#
#........#
#........#


You could see a hippogriff, a spiny frog (burning), a water moccasin and a
bullfrog.

Vanquished Creatures
  A hydra (Lair:1)
  2 komodo dragons (Lair:1)
  3 spiny frogs (Lair:1)
  A rime drake (Lair:1)
  2 trolls
  A two-headed ogre (D:10)
  3 hippogriffs
  15 yaks (Lair:1)
  Sigmund (D:2)
  A wyvern (D:10)
  A hungry ghost (D:10)
  2 porcupines
  A water moccasin (Lair:1)
  2 orc warriors
  3 ice beasts
  4 sky beasts
  A black bear (D:7)
  2 phantoms
  3 ogres
  4 centaurs
  A big kobold (D:9)
  2 elf zombies (Ossuary)
  Blork the orc (D:4)
  12 bullfrogs
  3 scorpions
  8 wights
  2 howler monkeys
  4 crimson imps
  2 bullfrog zombies
  2 centaur skeletons (D:8)
  A centaur zombie (D:8)
  4 hounds
  4 jellies
  5 orc priests
  3 orc wizards
  5 worker ants
  Terence (D:3)
  2 big kobold zombies (Ossuary)
  A hound zombie (D:9)
  A hound skeleton (D:4)
  3 mummies
  3 gnolls
  8 adders
  3 shadow imps
  5 adder zombies (Ossuary)
  2 worms (D:4)
  2 dart slugs
  5 leopard geckos
  30 orcs
  A ball python (D:4)
  2 giant cockroaches
  7 hobgoblins
  6 jackals
  4 quokkas
  5 bats
  2 frilled lizards
  2 giant cockroach zombies (D:5)
  3 goblins
  3 goblin zombies
  8 hobgoblin zombies (Ossuary)
  A jackal zombie (D:9)
  6 kobolds
  11 kobold zombies (Ossuary)
  A leopard gecko skeleton (D:6)
  7 orc zombies (Ossuary)
  A quokka zombie (D:5)
  10 rats
  A rat zombie (Ossuary)
259 creatures vanquished.

Notes
Turn   | Place    | Note
-------+----------+-------------------------------------------
     0 | D:1      | Jynx the Deep Elf Fire Elementalist began the quest for the Orb.
     0 | D:1      | Reached XP level 1. HP: 10/10 MP: 6/6
   443 | D:1      | Reached XP level 2. HP: 15/15 MP: 3/8
   833 | D:1      | Reached XP level 3. HP: 19/19 MP: 8/10
  1179 | D:2      | Noticed Sigmund
  1184 | D:2      | Killed Sigmund
  1184 | D:2      | Reached skill level 5 in Fire Magic
  1184 | D:2      | Reached XP level 4. HP: 24/24 MP: 5/12
  1184 | D:2      | Reached XP level 5. HP: 28/28 MP: 5/14
  1810 | D:3      | Learned a level 3 spell: Conjure Flame
  1815 | D:3      | Learned a level 4 spell: Sticky Flame
  1821 | D:3      | Learned a level 5 spell: Fireball
  1946 | D:3      | Found a bloodstained altar of Trog.
  1955 | D:3      | Reached skill level 5 in Spellcasting
  2168 | D:3      | Found a shimmering altar of Xom.
  2401 | D:3      | Noticed Terence
  2405 | D:3      | Killed Terence
  2526 | D:3      | Reached XP level 6. HP: 30/32 MP: 13/15
  2730 | D:4      | Found Raekoll's Gadget Boutique.
  3459 | D:4      | Noticed Blork the orc
  3467 | D:4      | Killed Blork the orc
  3467 | D:4      | Reached skill level 6 in Fire Magic
  3584 | D:4      | Reached XP level 7. HP: 29/36 MP: 9/17
  3647 | D:5      | Entered Level 5 of the Dungeon
  4050 | D:5      | Found an iron altar of Okawaru.
  4162 | D:5      | Reached skill level 7 in Fire Magic
  4411 | D:5      | Found a glowing silver altar of Zin.
  4536 | D:5      | Reached skill level 5 in Conjurations
  4673 | D:6      | Found a white marble altar of Elyvilon.
  4694 | D:6      | Reached XP level 8. HP: 41/41 MP: 10/20
  4737 | D:6      | Found a staircase to the Ecumenical Temple.
  4829 | D:6      | Noticed a troll
  4838 | D:6      | Killed a troll
  4838 | D:6      | Reached skill level 8 in Fire Magic
  4925 | D:6      | Found a sand-covered staircase.
  4983 | Ossuary  | Entered an ossuary
  5513 | Ossuary  | Reached skill level 9 in Fire Magic
  6023 | D:6      | Found an iron altar of Okawaru.
  6047 | Temple   | Entered the Ecumenical Temple
  6199 | D:6      | Found a sparkling altar of Nemelex Xobeh.
  6200 | D:6      | Found an opulent altar of Gozag.
  6207 | D:6      | Reached XP level 9. HP: 45/45 MP: 16/23
  6433 | D:6      | Found a radiant altar of Vehumet.
  6439 | D:6      | Became a worshipper of Vehumet
  6773 | D:7      | Reached skill level 10 in Fire Magic
  7244 | D:7      | Learned a level 2 spell: Blink
  7247 | D:7      | Learned a level 2 spell: Repel Missiles
  7361 | D:8      | Found a glowing golden altar of the Shining One.
  7380 | D:8      | Reached * piety under Vehumet
  7380 | D:8      | Offered knowledge of Sandblast by Vehumet.
  7380 | D:8      | Reached skill level 1 in Translocations
  7380 | D:8      | Reached skill level 1 in Air Magic
  7675 | D:8      | Reached skill level 11 in Fire Magic
  7784 | D:8      | Found a staircase to the Lair.
  7930 | D:8      | Reached XP level 10. HP: 50/50 MP: 22/25
  8068 | D:9      | Found a stormy altar of Qazlal.
  8111 | D:9      | Found Xousiw's Weapon Shop.
  8176 | D:9      | Offered knowledge of Sting by Vehumet.
  8186 | D:9      | Reached ** piety under Vehumet
  8426 | D:9      | Found a basalt altar of Yredelemnul.
  8426 | D:9      | Found a shattered altar of Ashenzari.
  8630 | D:9      | Found Tozussot's Magic Scroll Emporium.
  8647 | D:9      | Found Bouv Mav's Book Boutique.
  8739 | D:9      | Bought a book of Conjurations for 390 gold pieces
  8744 | D:9      | Learned a level 4 spell: Iskenderun's Mystic Blast
  8750 | D:9      | Learned a level 5 spell: Iskenderun's Battlesphere
  8760 | D:9      | Found Meulalysh's Magic Scroll Shoppe.
  8906 | D:10     | Entered Level 10 of the Dungeon
  8960 | D:10     | Got a crude robe
  8971 | D:10     | Identified the cursed +0 robe "Daesku" {Regen+ Str+2} (You found it on level 10 of the Dungeon)
  9051 | D:10     | Noticed patcoet's ghost (journeyman HEIE)
  9231 | D:10     | Reached skill level 10 in Spellcasting
  9955 | Lair:1   | Entered Level 1 of the Lair of Beasts
  9966 | Lair:1   | Reached skill level 12 in Fire Magic
  9969 | Lair:1   | Noticed a spiny frog
  9976 | Lair:1   | Killed a spiny frog
 10404 | Lair:1   | Offered knowledge of Stone Arrow by Vehumet.
 10406 | Lair:1   | Reached XP level 11. HP: 54/54 MP: 12/28
 10545 | Lair:1   | Noticed a four-headed hydra
 10552 | Lair:1   | Killed a four-headed hydra
 10552 | Lair:1   | Reached skill level 13 in Fire Magic
 10582 | Lair:1   | Reached *** piety under Vehumet
 11162 | Lair:2   | HP: 2/54 [water moccasin (8)]
 11163 | Lair:2   | Succumbed to a water moccasin's poison

Skill      XL: |  1  2  3  4  5  6  7  8  9 10 11 |
---------------+----------------------------------+-----
Conjurations   | 3 4 5 6 7 9 |  9.9
Spellcasting   | 4 5 6 8 9 11 | 11.7
Fire Magic     | 5 6 7 9 11 12 13 | 13.5
Translocations | 2 |  2.9
Air Magic      | 2 |  2.8
Dodging        | |  2.4
Stealth        | |  2.4

Action                   |  1- 3 |  4- 6 |  7- 9 | 10-12 || total
-------------------------+-------+-------+-------+-------++-------
Melee: Unarmed           |       |       |    23 |       ||    23
 Cast: Flame Tongue      |    35 |    91 |   369 |   141 ||   636
       Conjure Flame     |       |     1 |     7 |     2 ||    10
       Fireball          |       |       |     4 |    24 ||    28
       Sticky Flame      |       |       |     3 |    16 ||    19
       Repel Missiles    |       |       |     1 |       ||     1
       Iskenderun's Batt |       |       |       |    12 ||    12
       Iskenderun's Myst |       |       |       |     8 ||     8
Evoke: Wand              |       |       |     5 |     1 ||     6
  Use: Scroll            |       |     6 |     4 |     8 ||    18
       Potion            |       |       |       |     1 ||     1
  Eat: Chunk             |       |     7 |    22 |    14 ||    43
       Fruit             |       |       |     2 |       ||     2
Armor: Robe              |     2 |    11 |    59 |    26 ||    98
Dodge: Dodged            |     4 |    21 |   103 |    35 ||   163
       Deflected         |       |       |       |     1 ||     1
